 Dungeon Sprint DCSS version 0.22-a0-601-gb0ed703 (webtiles) character file.

7558 raistware the Peltast (level 11, -1/66 HPs)
             Began as a Gargoyle Fighter on July 6, 2018.
             Was the Champion of Qazlal.
             Slain by an azure jelly (6 damage)
             ... in the Dungeon (Sprint V: "Ziggurat Sprint").
             The game lasted 00:09:19 (753 turns).

raistware the Peltast (Gargoyle Fighter)             Turns: 753, Time: 00:09:19

Health: -1/66      AC: 38    Str: 34    XL:     11   Next: 17%
Magic:  17/18      EV:  3    Int:  4    God:    Qazlal [******]
Gold:   0          SH:  0    Dex:  9    Spells: 10/10 levels left

rFire    + + .     SeeInvis .   a - +8 lance "Wyrmbane" {slay drac, rPois rF+ rC+ AC+3}
rCold    + + .     Gourm    .   b - +18 shield of the Gong {rElec rN+ MR+ EV-5}
rNeg     + + .     Faith    .   F - +5 gold dragon scales
rPois    ∞         Spirit   .   (no helmet)
rElec    +         Reflect  .   (no cloak)
rCorr    .         Harm     .   (no gloves)
MR       +....     NoTele   +   (no boots)
Stlth    ..........             (no amulet)
HPRegen  0.21/turn              A - +6 ring of strength
MPRegen  0.16/turn              B - +6 ring of strength

@: confused, protected from physical damage, repel missiles
A: blurry vision 1, deterioration 2, dopey 2, negative energy resistance 1,
electricity resistance, weak 1, unbreathing, petrification resistance, rot
immunity, AC +8
a: Upheaval, Elemental Force, Disaster Area, Renounce Religion


You were in the Dungeon.
You worshipped Qazlal.
Qazlal was exalted by your worship.
You were not hungry.

You visited 1 branch

Inventory:

Hand Weapons
 a - the +8 lance "Wyrmbane" (weapon) {slay drac, rPois rF+ rC+ AC+3}
   (You found it in the Dungeon)

   It affects your AC (+3).
   It protects you from fire.
   It protects you from cold.
   It protects you from poison.
Armour
 b - the +18 shield of the Gong (worn) {rElec rN+ MR+ EV-5}
   (You found it in the Dungeon)

   It affects your evasion (-5).
   It insulates you from electricity.
   It protects you from negative energy.
   It affects your resistance to hostile enchantments.
 F - +5 gold dragon scales (worn)
 G - the -2 hat of the Alchemist {rElec rPois rF+ rC+ rN+ MR+ rMut rCorr}
   (You found it in the Dungeon)

   It protects you from fire.
   It protects you from cold.
   It insulates you from electricity.
   It protects you from poison.
   It protects you from negative energy.
   It affects your resistance to hostile enchantments.
   It protects you from acid and corrosion.
   It protects you from mutation.
Jewellery
 o - an uncursed ring of protection from cold
 w - a +6 ring of dexterity
 y - the ring of Sasmuaqu {Wiz Str+6}
   (You found it in the Dungeon)

   [ring of wizardry]

   It improves your spell success rate.
   It affects your strength (+6).
 A - a +6 ring of strength (left hand)
 B - a +6 ring of strength (right hand)
 I - an uncursed ring of protection from magic
Wands
 C - a wand of disintegration (7)
 D - a wand of iceblast (4)
 E - a wand of acid (7)
Scrolls
 k - 4 scrolls of blinking
 q - 4 scrolls of amnesia
 r - 7 scrolls of fog
 s - a scroll of holy word
 t - 5 scrolls of identify
 u - 5 scrolls of remove curse
 v - 2 scrolls of fear
 H - 8 scrolls of brand weapon
Potions
 d - 6 potions of might
 e - 10 potions of curing
 g - 10 potions of heal wounds
 h - 6 potions of haste
 i - 7 potions of magic
 j - 3 potions of berserk rage
 l - 2 potions of brilliance
 m - 2 potions of invisibility
 n - 4 potions of resistance
 p - 6 potions of agility
Miscellaneous
 c - a lightning rod (4/4)
 z - 2 sacks of spiders
 J - a lamp of fire
 K - a box of beasts
Comestibles
 f - 7 rations
 x - 13 chunks of flesh


   Skills:
 + Level 6.6 Fighting
 - Level 12.0 Polearms
 + Level 13.9 Armour
 + Level 4.1 Dodging
 - Level 15.1 Shields
 + Level 9.9 Invocations
 + Level 4.5 Evocations


You had 10 spell levels left.
You didn't know any spells.
Your spell library contained the following spells:

 Spells                   Type           Power        Failure   Level  Hunger
 Magic Dart               Conj           #...         100%        1    ##.....
 Conjure Flame            Conj/Fire      #.......     100%        3    ####...
 Bolt of Cold             Conj/Ice       #.........   100%        6    #######
 Slow                     Hex            #.......     100%        2    ###....
 Throw Frost              Conj/Ice       #.....       100%        2    ###....
 Mephitic Cloud           Conj/Pois/Air  #.......     100%        3    ####...
 Blink                    Tloc           N/A          100%        2    ###....
 Freeze                   Ice            #...         100%        1    ##.....
 Ozocubu's Refrigeration  Ice            #.........   100%        6    #######
 Summon Ice Beast         Ice/Summ       #.......     100%        4    #####..
 Ozocubu's Armour         Chrm/Ice       #.......     100%        3    ####...
 Call Imp                 Summ           #.......     100%        2    ###....
 Regeneration             Chrm/Necr      #.........   100%        3    ####...
 Sublimation of Blood     Necr           #.........   100%        2    ###....
 Summon Demon             Summ           #.........   100%        5    ######.
 Swiftness                Chrm/Air       #.......     100%        2    ###....
 Recall                   Summ/Tloc      N/A          100%        3    ####...
 Spider Form              Tmut/Pois      #.........   100%        3    ####...
 Statue Form              Tmut/Erth      #........    100%        6    #######
 Dragon Form              Tmut           #.........   100%        7    #######
 Throw Icicle             Conj/Ice       #.......     100%        4    #####..
 Shadow Creatures         Summ           N/A          100%        6    #######
 Ignite Poison            Fire/Tmut/Pois #.......     100%        3    ####...
 Ensorcelled Hibernation  Hex/Ice        #.....       100%        2    ###....
 Metabolic Englaciation   Hex/Ice        #.........   100%        5    ######.
 Alistair's Intoxication  Tmut/Pois      #.......     100%        5    ######.
 Excruciating Wounds      Chrm/Necr      #.........   100%        5    ######.
 Portal Projectile        Hex/Tloc       #.....       100%        3    ####...
 Petrify                  Tmut/Erth      #.......     100%        4    #####..
 Shroud of Golubria       Chrm/Tloc      #.........   100%        2    ###....
 Aura of Abjuration       Summ           #.........   100%        5    ######.
 Iskenderun's Battlesphe  Conj/Chrm      #.......     100%        5    ######.
 Infusion                 Chrm           #...         100%        1    ##.....
 Song of Slaying          Chrm           #.......     100%        2    ###....
 Spectral Weapon          Hex/Chrm       #.......     100%        3    ####...
 Summon Forest            Summ/Tloc      #.........   100%        5    ######.
 Summon Mana Viper        Hex/Summ       #.......     100%        5    ######.
 Hydra Form               Tmut           #.........   100%        6    #######
 Irradiate                Conj/Tmut      #.........   100%        5    ######.


Dungeon Overview and Level Annotations

Branches:
Dungeon (1/1)

Altars:
Ashenzari
Cheibriados
Dithmenos
Elyvilon
Fedhas
Gozag
Hepliaklqana
Kikubaaqudgha
Makhleb
Nemelex Xobeh
Okawaru
Qazlal
Ru
Sif Muna
Trog
Uskayaw
Vehumet
Wu Jian
Xom
Yredelemnul
Zin
The Shining One
Beogh
Jiyva
Lugonu


Innate Abilities, Weirdness & Mutations

You are resistant to torment.
Your stone body is resilient. (AC +8)
You are immune to poison.
You resist negative energy. (rN+)
You are resistant to electric shocks. (rElec)
You can survive without breathing.
You are immune to petrification.
You are immune to rotting.
Scrolls take you a little longer to read.
Your body often deteriorates upon taking damage.
You are very dopey. (Int -4)
You are weak. (Str -2)


Message History

The shining eye is engulfed in freezing vapours.
You kill the shining eye!
Qazlal accepts your kill.
Your lightning rod (4/4) has regained two charges.
Your Dodging skill increases to level 4!
You continue putting on the -2 hat of the Alchemist {rElec rPois rF+ rC+ rN+ MR+ rMut rCorr}.
The azure jelly hits you but does no damage. x4
The jelly jiggles.
The jelly barely misses you.
The great orb of eyes bites you but does no damage. x2
The jelly is engulfed in freezing vapours.
You kill the jelly!
Qazlal accepts your kill.
You continue putting on the -2 hat of the Alchemist {rElec rPois rF+ rC+ rN+ MR+ rMut rCorr}.
The azure jelly hits you.
* * * LOW HITPOINT WARNING * * *
The azure jelly freezes you. You resist.
* * * LOW HITPOINT WARNING * * *
The azure jelly hits you.
You die...

▓..[|)?[..▓..=|})|..▓
▓..|)::|..▓...)[.[..▓
▓.........▓.........▓
▓.........▓.........▓
▓.........▓.........▓
▓.........▓.........▓
▓.......§.▓.........▓
▓.▓..GGG▓.▓....©....▓
▓...§J@J..▓▓▓▓▓▓▓▓▓▓▓
▓▓▓▓▓▓▓▓▓▓▓


You could see an azure jelly, 2 great orbs of eyes, a shining eye and a jelly.

Vanquished Creatures
  A centaur warrior (D)
  2 cyclopes (D)
  A shining eye (D)
  A spiny frog (D)
  2 yaktaurs (D)
  An ice devil (D)
  2 polar bears (D)
  4 merfolk (D)
  2 slime creatures (D)
  A hippogriff (D)
  A golden eye (D)
  A hungry ghost (D)
  3 hell hounds (D)
  A water moccasin (D)
  2 porcupines (D)
  An eye of draining (D)
  An ice beast (D)
  2 necrophages (D)
  2 phantoms (D)
  A centaur (D)
  A crocodile (D)
  A bullfrog (D)
  A quasit (D)
  4 jellies (D)
  An iron imp (D)
  A river rat (D)
  3 white imps (D)
  An ooze (D)
  2 adder skeletons (D)
  An adder zombie (D)
  A bat skeleton (D)
  2 bat zombies (D)
  2 ball python skeletons (D)
  A ball python zombie (D)
  A giant cockroach zombie (D)
  A leopard gecko skeleton (D)
  A leopard gecko zombie (D)
  2 fire vortices (D)
59 creatures vanquished.

Vanquished Creatures (others)
  A spatial maelstrom (D)
1 creature vanquished.

Grand Total: 60 creatures vanquished

Notes
Turn   | Place    | Note
-------+----------+-------------------------------------------
     0 | D        | Found the +6 Majin-Bo {vamp, Archmagi MP+6 Int+6}
     0 | D        | Found the +7 great mace "Firestarter" {inner flame, rF++}
     0 | D        | raistware the Gargoyle Fighter began the quest for the Orb.
     0 | D        | Reached XP level 1. HP: 14/14 MP: 1/1
     0 | D        | Found a deep blue altar of Sif Muna.
     0 | D        | Found a sacrificial altar of Ru.
     0 | D        | Found a bloodstained altar of Trog.
     0 | D        | Found a stormy altar of Qazlal.
     0 | D        | Found an iron altar of Okawaru.
     0 | D        | Found a sparkling altar of Nemelex Xobeh.
     0 | D        | Found a blossoming altar of Fedhas.
     2 | D        | Found a transporter.
     2 | D        | Found an ancient bone altar of Kikubaaqudgha.
     2 | D        | Found a viscous altar of Jiyva.
     2 | D        | Found a corrupted altar of Lugonu.
     2 | D        | Found a hazy altar of Hepliaklqana.
     2 | D        | Found a burning altar of Makhleb.
     2 | D        | Found an opulent altar of Gozag.
    10 | D        | Banished a spatial maelstrom
    19 | D        | Found the +9 heavy crossbow "Sniper" {velocity, Acc+∞ SInv}
    19 | D        | Found the +10 dark maul {crush}
    19 | D        | Found the +15 Maxwell's patent armour {-Cast -Tele rElec MR+ rCorr}
    19 | D        | Found the +18 shield of the Gong {rElec rN+ MR+ EV-5}
    19 | D        | Found the cursed +14 obsidian axe {chop, +Fly SInv *Curse}
    20 | D        | Found the +6 shillelagh "Devastator" {shatter}
    20 | D        | Found the +11 plutonium sword {*Contam Stlth-}
    20 | D        | Found the +8 lance "Wyrmbane" {slay drac, rPois rF+ rC+ AC+3}
    20 | D        | Found the +9 sword of Zonguldrok {reap}
    20 | D        | Found the cursed +13 scythe of Curses {drain, *Curse}
    20 | D        | Found the +0 sword of Power
    20 | D        | Found the +7 mace of Variability {chain chaos}
    20 | D        | Found the +7 Singing Sword
    20 | D        | Found the +7 longbow "Piercer" {penet, EV-2}
    72 | D        | Became a worshipper of Qazlal Stormbringer
    83 | D        | Entered arena 2.
    83 | D        | Noticed a quasit
    83 | D        | Noticed a hungry ghost
    83 | D        | Found a transporter.
    86 | D        | Killed a quasit
    86 | D        | Reached skill level 5 in Armour
    86 | D        | Reached skill level 5 in Shields
    86 | D        | Reached XP level 2. HP: 19/19 MP: 2/2
    86 | D        | Reached XP level 3. HP: 23/23 MP: 3/3
   100 | D        | Killed a hungry ghost
   100 | D        | Reached * piety under Qazlal
   100 | D        | Reached skill level 7 in Shields
   100 | D        | Reached XP level 4. HP: 28/28 MP: 4/4
   100 | D        | Reached XP level 5. HP: 32/32 MP: 5/5
   108 | D        | Entered arena 3.
   108 | D        | Noticed a necrophage
   108 | D        | Noticed a phantom
   108 | D        | Found a transporter.
   116 | D        | Killed a necrophage
   116 | D        | Reached skill level 5 in Polearms
   116 | D        | Reached skill level 8 in Shields
   116 | D        | Reached XP level 6. HP: 37/37 MP: 6/6
   126 | D        | Killed a phantom
   126 | D        | Reached skill level 9 in Shields
   132 | D        | Got the Compendium of the Snowflakes
   134 | D        | Got the Compendium of the Frigorific Compass
   138 | D        | Entered arena 4.
   138 | D        | Noticed a merfolk
   138 | D        | Noticed a merfolk
   138 | D        | Noticed a merfolk
   138 | D        | Noticed a merfolk
   138 | D        | Found a transporter.
   145 | D        | Killed a merfolk
   145 | D        | Reached ** piety under Qazlal
   145 | D        | Reached skill level 10 in Armour
   145 | D        | Reached skill level 10 in Shields
   145 | D        | Reached XP level 7. HP: 32/41 MP: 7/7
   152 | D        | Killed a merfolk
   152 | D        | Reached skill level 11 in Shields
   162 | D        | Killed a merfolk
   162 | D        | Reached XP level 8. HP: 28/46 MP: 8/8
   175 | D        | Killed a merfolk
   175 | D        | Reached *** piety under Qazlal
   175 | D        | Reached skill level 12 in Shields
   198 | D        | Reached XP level 9. HP: 26/51 MP: 8/15
   344 | D        | Entered arena 5.
   344 | D        | Found a transporter.
   372 | D        | Got Sif Muna's Compendium of Augmentations and Intoxication
   374 | D        | Entered arena 6.
   374 | D        | Found a transporter.
   380 | D        | Reached **** piety under Qazlal
   388 | D        | Reached skill level 10 in Polearms
   393 | D        | Reached skill level 13 in Shields
   403 | D        | Got Goafikin's Collected Works on Ice
   477 | D        | Entered arena 7.
   477 | D        | Noticed a yaktaur
   477 | D        | Noticed a cyclops
   477 | D        | Noticed a cyclops
   477 | D        | Noticed a centaur warrior
   477 | D        | Noticed a yaktaur
   482 | D        | Killed a centaur warrior
   482 | D        | Reached ***** piety under Qazlal
   482 | D        | Reached skill level 14 in Shields
   482 | D        | Reached XP level 10. HP: 46/56 MP: 16/16
   483 | D        | Killed a cyclops
   484 | D        | Killed a cyclops
   484 | D        | Reached skill level 15 in Shields
   485 | D        | Found a transporter.
   535 | D        | Entered arena 8.
   536 | D        | Found a transporter.
   555 | D        | Reached ****** piety under Qazlal
   563 | D        | Got the ring of Sasmuaqu {Wiz Str+6}
   572 | D        | Entered arena 9.
   573 | D        | Found the -2 hat of the Alchemist {rElec rPois rF+ rC+ rN+ MR+ rMut rCorr}
   573 | D        | Found a transporter.
   583 | D        | Reached skill level 1 in Dodging
   583 | D        | Reached skill level 1 in Evocations
   620 | D        | Entered arena 10.
   620 | D        | Noticed a spiny frog
   630 | D        | Killed a spiny frog
   630 | D        | Reached skill level 5 in Fighting
   655 | D        | Reached XP level 11. HP: 63/64 MP: 16/18
   664 | D        | Found a transporter.
   687 | D        | Entered arena 11.
   688 | D        | Found a transporter.
   715 | D        | Got the Compendium of the Boosting Escort
   728 | D        | Entered arena 12.
   728 | D        | Noticed a shining eye
   728 | D        | Noticed a shining eye
   728 | D        | Gained mutation: You are dopey. (Int -2) [a shining eye]
   728 | D        | Noticed a great orb of eyes
   729 | D        | Noticed an azure jelly
   729 | D        | Noticed a great orb of eyes
   731 | D        | Gained mutation: Your body sometimes deteriorates upon taking damage. [a shining eye]
   743 | D        | Gained mutation: You are weak. (Str -2) [a shining eye]
   745 | D        | Gained mutation: You are very dopey. (Int -4) [a shining eye]
   746 | D        | Paralysed by a great orb of eyes for 5 turns
   748 | D        | Gained mutation: Scrolls take you a little longer to read. [a shining eye]
   751 | D        | Gained mutation: Your body often deteriorates upon taking damage. [a shining eye]
   751 | D        | Killed a shining eye
   753 | D        | Slain by an azure jelly

Vault maps used:
D:        sprint_v

Skill      XL: |  1  2  3  4  5  6  7  8  9 10 11 |
---------------+----------------------------------+-----
Polearms       | 2 4 5 7 8 9 11 12 | 12.0
Armour         | 5 7 8 10 11 12 13 | 13.9
Shields        | 5 7 8 10 11 12 14 15 | 15.1
Invocations    | 8 9 |  9.9
Fighting       | 5 6 |  6.6
Dodging        | 3 4 |  4.1
Evocations     | 3 4 |  4.5

Action                   |  1- 3 |  4- 6 |  7- 9 | 10-12 || total
-------------------------+-------+-------+-------+-------++-------
Melee: Lance             |    17 |    19 |    61 |   112 ||   209
Evoke: Wand              |       |       |     3 |       ||     3
       Lightning rod     |       |       |     1 |     5 ||     6
  Use: Potion            |       |       |     1 |       ||     1
  Eat: Chunk             |       |       |     2 |     1 ||     3
Armor: Gold dragon scale |     3 |     5 |     7 |    90 ||   105
Dodge: Dodged            |       |       |       |    14 ||    14
Block: Shield            |    18 |    18 |    59 |   100 ||   195

Table legend:
 A = Spawn XP
 B = Non-spawn XP
 C = Spawn XP percentage of total XP
 D = Spawn monster count
 E = Non-spawn monster count
 F = Spawn count percentage of total count
 G = Total turns spent on level
                    A         B        C        D         E        F      G
               +---------+---------+-------+---------+---------+-------+---------
         Total |       0 |    9201 |   0.0 |       0 |      57 |   0.0 |   753
               +---------+---------+-------+---------+---------+-------+---------
             D |       0 |    9201 |   0.0 |       0 |      57 |   0.0 |   753
               +---------+---------+-------+---------+---------+-------+---------
